Match 46539124
Unlisted

Match 46539124
End
Engineer Squad
Construct Barracks
Selects Airborne Battlegroup
Selects Heavy Machine Gun Paradrop
Heavy Machine Gun Paradrop
Engineer Squad
Heavy Machine Gun Paradrop
Mechanized Support Center
Construct Weapon Support Center
Selects Paratrooper Squad Paradrop
Paratrooper Squad Paradrop
Bazooka Squad
Construct Tank Depot
M4A1 Sherman Medium Tank
Paratrooper Squad Paradrop
Esxile
schuperman
Summer Sugar
PaperPiece
0
0

Comments sign in to comment!

No comments posted yet!